 Dungeon Crawl Stone Soup version 0.31-a0-521-gc7390f8997 (webtiles) character file.

Game seed: 16387165102713672527

25 bobarctor the Chiller (level 2, 0/19 HPs)
             Began as a Demonspawn Ice Elementalist on Aug 10, 2023.
             Slain by a gnoll
             ... wielding a +0 spear
              (4 damage)
             ... on level 1 of the Dungeon.
             The game lasted 00:03:45 (812 turns).

bobarctor the Chiller (Demonspawn Ice Elementalist)  Turns: 812, Time: 00:03:47

Health: 0/19       AC:  2    Str:  8    XL:     2   Next: 82%
Magic:  2/5        EV: 12    Int: 16    God:
Gold:   32         SH:  0    Dex: 13    Spells: 4/5 levels left

rFire   . . .        c - +0 spear
rCold   . . .        (no shield)
rNeg    . . .        a - +0 robe
rPois   .            (no helmet)
rElec   .            (no cloak)
rCorr   .            (no gloves)
SInv    .            (no boots)
Will    .....        (no amulet)
Stlth   ++           (no ring)
HPRegen 0.23/turn    (no ring)
MPRegen 0.09/turn

%: no passive effects
@: no status effects
A: sturdy frame 1
a: no special abilities


You were on level 1 of the Dungeon.
You visited 1 branch of the dungeon, and saw 1 of its levels.

You collected 32 gold pieces.

Inventory:

Hand Weapons
 c - a +0 spear (weapon)
Armour
 a - a +0 robe (worn)
Scrolls
 e - a scroll of brand weapon {unknown}
 g - a scroll of fog {unknown}
 h - a scroll of teleportation {unknown}
Potions
 b - a potion of magic
 d - 3 potions of heal wounds {unknown}
 f - a potion of curing {unknown}


   Skills:
 + Level 1.9 Dodging
 + Level 1.8 Stealth
 * Level 2.3 Spellcasting
 + Level 4.1 Ice Magic


You had 4 spell levels left.
You knew the following spells:

 Your Spells              Type           Power      Damage    Failure   Level
a - Freeze                Ice            60%        1d7       3%          1

Your spell library contained the following spells:

 Spells                   Type           Power      Damage    Failure   Level
 Frozen Ramparts          Ice            30%        1d5       11%         3
 Ozocubu's Armour         Ice            15%        N/A       11%         3
 Summon Ice Beast         Ice/Summ       8%         N/A       63%         4


Dungeon Overview and Level Annotations

Branches:
Dungeon (1/15)

Altars:


Innate Abilities, Weirdness & Mutations

Your movements are slightly less encumbered by armour. (ER -2)


Message History

Found a stone staircase leading down.
g - a scroll labelled ENEBBU PILOTZIA
h - a scroll labelled OKOIKU CEGATH You now have 32 gold pieces (gained 4).
A rat comes into view.
Found 11 gold pieces.
The rat misses you.
You hit the rat but do no damage.
The gnoll shouts!
The rat bites you.
You barely miss the rat. The rat bites you.
You barely miss the rat. The rat bites you.
You hit the rat but do no damage. The rat closely misses you.
Casting: Freeze (safe; 3% risk of failure)
Confirm with . or Enter, or press ? or * to list all spells.
Aiming: Freeze (safe; 3% risk of failure)
Press: ? - help, Shift-Dir - straight line, f - rat
Aim: a rat You freeze the rat.
You kill the rat!
The gnoll barely misses you. The gnoll hits you with a +0 spear!
Casting: Freeze (safe; 3% risk of failure)
Confirm with . or Enter, or press ? or * to list all spells.
Aiming: Freeze (safe; 3% risk of failure)
Press: ? - help, Shift-Dir - straight line, f - gnoll
Aim: a gnoll, wielding a +0 spear You freeze the gnoll.
The gnoll is moderately wounded.
The gnoll hits you with a +0 spear.
* * * LOW HITPOINT WARNING * * *
Casting: Freeze (safe; 3% risk of failure)
Confirm with . or Enter, or press ? or * to list all spells.
Aiming: Freeze (safe; 3% risk of failure)
Press: ? - help, Shift-Dir - straight line, f/p - gnoll
Aim: a gnoll, wielding a +0 spear (moderately wounded)
You freeze the gnoll.
The gnoll is severely wounded.
The gnoll hits you with a +0 spear.
You die...

#...#.# # #.#.##.. #.....##.#.#
.... #.#.##.. ......##.#.#
....##.#.##.. .#.#........
.............. .#.#..##.#.#
.....##.#.##..
.#....##.#.###+###...............
.##...##.#.#.....#.#####.#.#.#...
.###..##.#.#....$g..$......#.#...
## #..##.#.#....@# ###...#.###. #
#.............# #...#..... #
#.....#.#####.# #..†......
#####.####.# #..######..♣♣♣♣♣♣♣
....... ..# #.........†....†..
####... #### #..###.#...♣♣♣♣♣♣♣
..##.... #..# # #..........
#.##.#.. #..# #.#........
#.##.#.## #..# #.#..####..


You could see a gnoll.

Vanquished Creatures
  A dart slug (D:1)
  3 giant cockroaches (D:1)
  5 goblins (D:1)
  A hobgoblin (D:1)
  2 quokkas (D:1)
  3 ball pythons (D:1)
  A bat (D:1)
  3 frilled lizards (D:1)
  2 rats (D:1)
21 creatures vanquished.

Notes
Turn   | Place    | Note
-------+----------+-------------------------------------------
     0 | D:1      | bobarctor the Demonspawn Ice Elementalist began the quest
                  | for the Orb.
     0 | D:1      | Reached XP level 1. HP: 13/13 MP: 3/3
   285 | D:1      | Gained mutation: Your movements are slightly less
                  | encumbered by armour. (ER -2) [demonic ancestry]
   285 | D:1      | Reached XP level 2. HP: 19/19 MP: 1/5
   361 | D:1      | Reached skill level 4 in Ice Magic
   812 | D:1      | Slain by a gnoll

Illustrated notes

Levels and vault maps discovered:
D:1:      onia_arrival_mini_spirals, layout_basic, serial_forest,
          infiniplex_forest_clump_tiny, infiniplex_forest_end_2,
          infiniplex_forest_straight_2, infiniplex_forest_lined_room_3,
          infiniplex_forest_clump_curved, infiniplex_forest_clump_small,
          infiniplex_forest_straight_3, infiniplex_forest_lined_2,
          minmay_distorted

Skill      XL: |  1  2 |
---------------+-------+-----
Ice Magic      | 4 |  4.1
Dodging        | |  1.9
Stealth        | |  1.8
Spellcasting   | |  2.3

Action                     || total
---------------------------++-------
  Melee: Spear             ||    34
         Punch             ||     1
   Cast: Freeze            ||    20
   Stab: Sleeping          ||     3
 Armour: Robe              ||     5
  Dodge: Dodged            ||    25

Table legend: (Time is in decaauts)
 A = Elapsed time spent in this place.
 B = Non-inter-level travel time spent in this place.
 C = Inter-level travel time spent in this place.
 D = Time resting spent in this place.
 E = Time spent auto-exploring this place.
 F = Levels seen in this place.
 G = Mean time per level.
                   A        B        C        D        E       F      G
               +--------+--------+--------+--------+--------+-----+--------+
         Total |    814 |    814 |      0 |    192 |    405 |   1 |  814.0 |
       Dungeon |    814 |    814 |      0 |    192 |    405 |   1 |  814.0 |
               +--------+--------+--------+--------+--------+-----+--------+

Top non-repeatable levels by time:
     D:1: 814 daAuts
